 Dungeon Crawl Stone Soup version 0.29.1-12-g30fa7ad0bf (webtiles) character file.

Game seed: 6126887717966888683

7 mopl the Magician (level 2, -3/17 HPs)
             Began as an Octopode Hedge Wizard on Jan 6, 2023.
             Slain by a gnoll
             ... wielding a +0 spear
              (7 damage)
             ... on level 1 of the Dungeon.
             The game lasted 00:00:34 (340 turns).

mopl the Magician (Octopode Hedge Wizard)            Turns: 340, Time: 00:00:34

Health: -3/17      AC:  1    Str:  9    XL:     2   Next: 0%
Magic:  3/6        EV: 13    Int: 16    God:
Gold:   50         SH:  0    Dex: 11    Spells: 6/7 levels left

rFire   . . .      SeeInvis .   a - +0 dagger
rCold   . . .      Faith    .   (no shield)
rNeg    . . .      Spirit   .   b - +0 hat
rPois   .          Reflect  .   (no amulet)
rElec   .          Harm     .   (no ring)
rCorr   .          Rampage  .   (no ring)
Will    .....                   (no ring)
Stlth   +++.......              (no ring)
HPRegen 0.05/turn               (no ring)
MPRegen 0.10/turn               (no ring)
                                (no ring)
                                (no ring)

@: no status effects
A: almost no armour, amphibious, 8 rings, camouflage 1, gelatinous body 1,
(nimble swimmer 1), tentacles
a: no special abilities


You were on level 1 of the Dungeon.
You visited 1 branch of the dungeon, and saw 1 of its levels.

You collected 50 gold pieces.

Inventory:

Hand Weapons
 a - a +0 dagger (weapon)
Armour
 b - a +0 hat (worn)
Scrolls
 e - a scroll of blinking {unknown}
Potions
 c - a potion of magic
 d - 2 potions of curing {unknown}
 f - a potion of attraction {unknown}


   Skills:
 - Level 2.0 Dodging
 - Level 2.6 Stealth
 + Level 3.2 Spellcasting
 + Level 1.5 Conjurations
 - Level 1.0 Summonings
 - Level 1.0 Translocations


You had 6 spell levels left.
You knew the following spells:

 Your Spells              Type           Power      Damage    Failure   Level
a - Magic Dart            Conj           28%        1d4       10%         1

Your spell library contained the following spells:

 Spells                   Type           Power      Damage    Failure   Level
 Slow                     Hex            8%         N/A       19%         1
 Blink                    Tloc           10%        N/A       19%         2
 Call Imp                 Summ           5%         N/A       19%         2
 Conjure Flame            Conj/Fire      4%         6-21      38%         3
 Mephitic Cloud           Conj/Pois/Air  4%         N/A       41%         3


Dungeon Overview and Level Annotations

Branches:
Dungeon (1/15)

Altars:


Innate Abilities, Weirdness & Mutations

You cannot wear most types of armour.
You are amphibious.
You can wear up to eight rings at the same time.
Your skin changes colour to match your surroundings (Stealth+).
Your rubbery body absorbs attacks. (AC +1, EV +1)
((You are camouflaged when in or above water. (Stealth+)))
You have tentacles for arms and can constrict up to eight enemies at once.


Message History

No target in view!
You see here a ball python corpse.
A goblin comes into view. It is wielding a +0 dagger.
A goblin is nearby!
A gnoll comes into view. It is wielding a +0 spear.
The gnoll shouts!
A ball python comes into view.
The goblin shouts!
The ball python hisses angrily.
You hit the ball python. Your grab misses the ball python.
Your squeeze misses the ball python.
The ball python is moderately wounded.
The ball python closely misses you. The ball python grabs you.
The ball python constricts you.
You hit the ball python.
You kill the ball python!
The magic dart hits the goblin.
The goblin is heavily wounded.
The magic dart hits the goblin.
The goblin is severely wounded.
The goblin hits you but does no damage. The gnoll barely misses you.
You barely miss the goblin. Your grab misses the goblin.
The goblin is severely wounded.
The goblin barely misses you.
The gnoll hits you from afar with a +0 spear.
* * * LOW HITPOINT WARNING * * *
You miss the goblin. Your grab misses the goblin.
The goblin is severely wounded.
The goblin misses you. The gnoll barely misses you.
You hit the goblin.
You kill the goblin!
The gnoll barely misses you.
You have reached level 2!
The gnoll barely misses you.
Things that are here:
a +0 dagger; a goblin corpse You hit the gnoll.
You grab the gnoll.
The gnoll is lightly wounded.
You constrict the gnoll, but do no damage.
The gnoll hits you with a +0 spear!
You die...

#.......#.#.#.#.####..#
#....####.#.#.#.#
#.†...... ##'###
#.#.#.#.# .....#### ###
#.# #.#.#.#.# ........
... #.#
##.#.#.#.#.......### ##.
#.#
#..#.#.#.#.......#######.
#.#
#.##.#.#.####+##.#.......
##.#####.##.#.#g#
...#####.
##........##...#@#
.........
#..............#.#
>...>...>
#.########...#####
#......... #.# #...#
#.#.....#. #.# #...#
#......... #.# #...#
#......... #.# #...#
#.#.....#.
#.########...######
#.........
#[.......#...#.....
#.........


You could see a gnoll.

Vanquished Creatures
  A giant cockroach (D:1)
  A goblin (D:1)
  A hobgoblin (D:1)
  2 ball pythons (D:1)
  2 rats (D:1)
7 creatures vanquished.

Notes
Turn   | Place    | Note
-------+----------+-------------------------------------------
     0 | D:1      | mopl the Octopode Hedge Wizard began the quest for the Orb.
     0 | D:1      | Reached XP level 1. HP: 11/11 MP: 4/4
   339 | D:1      | Reached XP level 2. HP: 4/17 MP: 3/6
   340 | D:1      | Slain by a gnoll

Illustrated notes

Levels and vault maps discovered:
D:1:      lemuel_arrival_broad_hall, layout_basic, serial_co_window_serial,
          co_window_paths_a, co_window_paths_a, co_window_paths_a,
          co_window_corner_a, co_window_of_opportunity_a, co_window_corner_a,
          co_window_corner_a, co_window_of_opportunity_b, co_window_paths_c,
          co_window_broadway_a, co_window_broadway_b,
          co_window_of_opportunity_c, co_window_unsneaky_path_b,
          co_window_paths_d, glass_columns_a, glass_columns_b

Action                   || total
-------------------------++-------
Melee: Dagger            ||    20
       Constrict         ||     4
       Tentacles         ||     1
 Cast: Magic Dart        ||     2
 Stab: Sleeping          ||     1
Armor: Skin              ||     2
Dodge: Dodged            ||    17
